BSA
ORLANDO CALRISSIAN @ BOSTON REBELS
03/10/2028
 
TOP OF THE 1ST
Orlando Calrissian batting - Pitching for Boston Rebels : RHP John Foster
Pitching: RHP John Foster
Batting: RHB José Pérez 0-0: Ground out 5-3 (Groundball, 56S)
Batting: LHB Santiago Márquez 0-0: Foul Ball, location: 2F
0-1: SOLO HOME RUN (Flyball, 9LD), Distance : 341 ft
Batting: RHB Rich Anderson 0-0: Called Strike
0-1: Ball
1-1: Called Strike
1-2: Ball
2-2: Ball
3-2: SINGLE (Line Drive, 34)
Batting: RHB Raúl Canó 0-0: Ball
1-0: Swinging Strike
1-1: Ball
2-1: Grounds into double play, 6-4-3 (Groundball, 6)
Top of the 1st over - 1 run(s), 2 hit(s), 0 error(s), 0 left on base; Orlando 1 - Boston 0
BOTTOM OF THE 1ST
Boston Rebels batting - Pitching for Orlando Calrissian : LHP Mark Collins
Pitching: LHP Mark Collins
Batting: RHB George Reeves 0-0: Called Strike
0-1: SINGLE (Flyball, 8LS)
Batting: LHB Bill Wilson 0-0: Called Strike
0-1: Ball
1-1: Fielders Choice at 2nd, 6-4 (Groundball, 6)
Batting: LHB Lorenzo Flores 0-0: Swinging Strike
0-1: Ball
1-1: Called Strike
1-2: Ground out 3-1 (Groundball, 34)
Bill Wilson to second
Batting: LHB Felipe Guerrero 0-0: Called Strike
0-1: Fly out, F5 (Popup, 5D)
Bottom of the 1st over - 0 run(s), 1 hit(s), 0 error(s), 1 left on base; Orlando 1 - Boston 0
TOP OF THE 2ND
Orlando Calrissian batting - Pitching for Boston Rebels : RHP John Foster
Batting: RHB Augusto Padilla 0-0: Foul Ball, location: 2F
0-1: Ball
1-1: Ball
2-1: Fly out, F4 (Popup, 4D)
Batting: RHB Frederico Hernández 0-0: Fly out, F7 (Flyball, 78S)
Batting: RHB Júlio Negrón 0-0: Ball
1-0: Swinging Strike
1-1: Ball
2-1: Fly out, F3 (Popup, 3L)
Top of the 2nd over - 0 run(s), 0 hit(s), 0 error(s), 0 left on base; Orlando 1 - Boston 0
BOTTOM OF THE 2ND
Boston Rebels batting - Pitching for Orlando Calrissian : LHP Mark Collins
Batting: RHB Alberto Ramos 0-0: Ground out 4-3 (Groundball, 4)
Batting: LHB Ricardo Brandariz 0-0: Ball
1-0: Ball
2-0: Bunted foul
2-1: Swinging Strike
2-2: Foul Ball, location: 2F
2-2: Foul Ball, location: 2F
2-2: Strikes out swinging
Batting: LHB Sergio Barrón 0-0: Foul Ball, location: 2F
0-1: Ball
1-1: Called Strike
1-2: Ball
2-2: Fly out, F7 (Line Drive, 78M)
Bottom of the 2nd over - 0 run(s), 0 hit(s), 0 error(s), 0 left on base; Orlando 1 - Boston 0
TOP OF THE 3RD
Orlando Calrissian batting - Pitching for Boston Rebels : RHP John Foster
Batting: SHB Brian Price 0-0: Ground out 4-3 (Groundball, 4)
Batting: RHB Gabriel Ángel 0-0: Called Strike
0-1: Called Strike
0-2: Strikes out swinging, 2-3 out at first.
Batting: RHB José Pérez 0-0: Foul Ball, location: 2F
0-1: Ball
1-1: Ball
2-1: Fly out, F7 (Flyball, 7)
Top of the 3rd over - 0 run(s), 0 hit(s), 0 error(s), 0 left on base; Orlando 1 - Boston 0
BOTTOM OF THE 3RD
Boston Rebels batting - Pitching for Orlando Calrissian : LHP Mark Collins
Batting: RHB Aaron Washington 0-0: Swinging Strike
0-1: Ground out 6-3 (Groundball, 56)
Batting: LHB Sixto Cortés 0-0: Ball
1-0: Ball
2-0: Called Strike
2-1: Fly out, F7 (Line Drive, 7D)
Batting: RHB George Reeves 0-0: Ball
1-0: Foul Ball, location: 2F
1-1: Called Strike
1-2: Strikes out looking
Bottom of the 3rd over - 0 run(s), 0 hit(s), 0 error(s), 0 left on base; Orlando 1 - Boston 0
TOP OF THE 4TH
Orlando Calrissian batting - Pitching for Boston Rebels : RHP John Foster
Batting: LHB Santiago Márquez 0-0: Called Strike
0-1: Called Strike
0-2: Ball
1-2: Strikes out looking
Batting: RHB Rich Anderson 0-0: Ball
1-0: Fly out, F8 (Flyball, 8LM)
Batting: RHB Raúl Canó 0-0: Ball
1-0: Foul Ball, location: 2F
1-1: Ground out 5-3 (Groundball, 56)
Top of the 4th over - 0 run(s), 0 hit(s), 0 error(s), 0 left on base; Orlando 1 - Boston 0
BOTTOM OF THE 4TH
Boston Rebels batting - Pitching for Orlando Calrissian : LHP Mark Collins
Batting: LHB Bill Wilson 0-0: Ball
1-0: Ball
2-0: Bunted foul
2-1: Fly out, F8 (Flyball, 8LS)
Batting: LHB Lorenzo Flores 0-0: Swinging Strike
0-1: Swinging Strike
0-2: Foul Ball, location: 2F
0-2: SINGLE (Groundball, 6D)
Batting: LHB Felipe Guerrero 0-0: Called Strike
0-1: SINGLE (Line Drive, 78S)
Lorenzo Flores to second
Batting: RHB Alberto Ramos 0-0: Called Strike
0-1: SINGLE (Groundball, 6MD)
Lorenzo Flores to third
Felipe Guerrero to second
Runner from 3rd tries for Home, SAFE, throw made home
Felipe Guerrero to third
Alberto Ramos to second
Batting: LHB Ricardo Brandariz 0-0: Ball
1-0: Foul Ball, location: 2F
1-1: Ball
2-1: Ground out 6-3 (Groundball, 6)
Felipe Guerrero scores
Batting: LHB Sergio Barrón 0-0: Ball
1-0: Called Strike
1-1: Ball
2-1: Ball
3-1: DOUBLE (Line Drive, 8RXD)
Alberto Ramos scores
Batting: RHB Aaron Washington 0-0: Foul Ball, location: 2F
0-1: Ball
1-1: Ball
2-1: Called Strike
2-2: Strikes out swinging
Bottom of the 4th over - 3 run(s), 4 hit(s), 0 error(s), 1 left on base; Orlando 1 - Boston 3
TOP OF THE 5TH
Orlando Calrissian batting - Pitching for Boston Rebels : RHP John Foster
Pitching: RHP Tony Rocha
Batting: RHB Augusto Padilla 0-0: Ball
1-0: Ball
2-0: Called Strike
2-1: Swinging Strike
2-2: Ball
3-2: Base on Balls
Batting: RHB Frederico Hernández 0-0: Called Strike
0-1: Ball
1-1: Ball
2-1: Called Strike
2-2: SINGLE (Groundball, 6MD)
Augusto Padilla to second
Batting: RHB Júlio Negrón 0-0: Called Strike
0-1: Ball
1-1: Foul Ball, location: 2F
1-2: Strikes out swinging
Batting: SHB Brian Price 0-0: Ball
1-0: Foul Ball, location: 2F
1-1: Ball
2-1: Ground out 4-3 (Groundball, 34D)
Augusto Padilla to third
Frederico Hernández to second
Batting: RHB Gabriel Ángel 0-0: Called Strike
0-1: Ball
1-1: Called Strike
1-2: Foul Ball, location: 2F
1-2: Foul Ball, location: 2F
1-2: Ball
2-2: Strikes out looking
Top of the 5th over - 0 run(s), 1 hit(s), 0 error(s), 2 left on base; Orlando 1 - Boston 3
BOTTOM OF THE 5TH
Boston Rebels batting - Pitching for Orlando Calrissian : LHP Mark Collins
Pitching: RHP Carlos Díaz
Batting: LHB Sixto Cortés 0-0: Swinging Strike
0-1: Ball
1-1: SINGLE (Line Drive, 6D)
Batting: RHB George Reeves 0-0: Foul Ball, location: 2F
0-1: Called Strike
0-2: Ball
1-2: Foul Ball, location: 2F
1-2: Ground out 5-3 (Groundball, 56S)
Sixto Cortés to second
Batting: LHB Bill Wilson 0-0: Ball
1-0: Foul Ball, location: 2F
1-1: Ball
2-1: Foul Ball, location: 2F
2-2: SINGLE (Line Drive, 6D)
Sixto Cortés to third
Runner from 3rd tries for Home, SAFE, throw made home
Batting: LHB Lorenzo Flores 0-0: Ball
1-0: Ball
2-0: Called Strike
2-1: Ball
3-1: Base on Balls
Bill Wilson to second
Batting: LHB Felipe Guerrero 0-0: Swinging Strike
0-1: Foul Ball, location: 2F
0-2: Ball
1-2: Ball
2-2: Ball
3-2: Foul Ball, location: 2F
3-2: Strikes out looking
Batting: RHB Alberto Ramos 0-0: Ball
1-0: DOUBLE (Flyball, 89D)
Bill Wilson scores
Lorenzo Flores to third
Batting: LHB Ricardo Brandariz 0-0: Ball
1-0: Called Strike
1-1: Ground out U3 (Groundball, 34)
Bottom of the 5th over - 2 run(s), 3 hit(s), 0 error(s), 2 left on base; Orlando 1 - Boston 5
TOP OF THE 6TH
Orlando Calrissian batting - Pitching for Boston Rebels : RHP Tony Rocha
Batting: RHB José Pérez 0-0: Ball
1-0: Foul Ball, location: 2F
1-1: Foul Ball, location: 2F
1-2: Foul Ball, location: 2F
1-2: Foul Ball, location: 2F
1-2: Ground out 6-3 (Groundball, 6S)
Pitching: LHP Yoshihiro Hasegawa
Batting: LHB Santiago Márquez 0-0: Foul Ball, location: 2F
0-1: Foul Ball, location: 2F
0-2: Ground out 4-3 (Groundball, 4M)
Batting: RHB Rich Anderson 0-0: Ball
1-0: Fly out, F7 (Line Drive, 7)
Top of the 6th over - 0 run(s), 0 hit(s), 0 error(s), 0 left on base; Orlando 1 - Boston 5
BOTTOM OF THE 6TH
Boston Rebels batting - Pitching for Orlando Calrissian : RHP Carlos Díaz
Pitching: LHP Richard Dorris
Batting: LHB Sergio Barrón 0-0: Ball
1-0: Ball
2-0: Ball
3-0: Called Strike
3-1: Base on Balls
Batting: RHB Aaron Washington 0-0: Ball
1-0: Ball
2-0: Ball
3-0: Called Strike
3-1: Grounds into double play, 5-4-3 (Groundball, 56)
Batting: LHB Sixto Cortés 0-0: Called Strike
0-1: Foul Ball, location: 2F
0-2: Foul Ball, location: 2F
0-2: Ball
1-2: Ball
2-2: Ground out 5-3 (Groundball, 56S)
Bottom of the 6th over - 0 run(s), 0 hit(s), 0 error(s), 0 left on base; Orlando 1 - Boston 5
TOP OF THE 7TH
Orlando Calrissian batting - Pitching for Boston Rebels : LHP Yoshihiro Hasegawa
Batting: RHB Raúl Canó 0-0: Ball
1-0: Ball
2-0: Ball
3-0: Fly out, F7 (Flyball, 7S)
Batting: RHB Augusto Padilla 0-0: DOUBLE (Flyball, 78D)
Batting: RHB Frederico Hernández 0-0: Called Strike
Balk!
Augusto Padilla to third
0-1: Ball
1-1: Ball
2-1: Ball
3-1: Base on Balls
Pitching: RHP José Crus
Batting: RHB Júlio Negrón 0-0: Ball
1-0: Called Strike
1-1: Swinging Strike
1-2: Fielders Choice at 2nd, 6-4 (Groundball, 6)
Augusto Padilla scores
Batting: SHB Brian Price 0-0: Ball
1-0: Ground out 6-3 (Groundball, 6S)
Top of the 7th over - 1 run(s), 1 hit(s), 0 error(s), 1 left on base; Orlando 2 - Boston 5
BOTTOM OF THE 7TH
Boston Rebels batting - Pitching for Orlando Calrissian : LHP Richard Dorris
Pinch Hitting: RHB Roberto Chávez 0-0: Fly out, F9 (Flyball, 9)
Pinch Hitting: RHB Ken McDonald 0-0: Ball
1-0: SINGLE (Line Drive, 89S)
Pinch Hitting: RHB Pedro Rodríguez 0-0: Ball
1-0: Ball
2-0: Fly out, F4 (Popup, 3D)
Pinch Hitting: LHB Miguel Rivería 0-0: Called Strike
0-1: Called Strike
0-2: Fly out, F7 (Flyball, 7)
Bottom of the 7th over - 0 run(s), 1 hit(s), 0 error(s), 1 left on base; Orlando 2 - Boston 5
TOP OF THE 8TH
Orlando Calrissian batting - Pitching for Boston Rebels : RHP José Crus
Now at 1B: Ken McDonald
Now at 2B: Roberto Chávez
Now in LF: Miguel Rivería
Now in CF: Nick Marshall
Batting: RHB Gabriel Ángel 0-0: Ball
1-0: Called Strike
1-1: Ball
2-1: Foul Ball, location: 2F
2-2: Strikes out swinging
Pinch Hitting: SHB Cristo Ontiveros 0-0: Ball
1-0: Ball
2-0: Foul Ball, location: 2F
2-1: Swinging Strike
2-2: Strikes out swinging
Batting: LHB Juan Colón 0-0: Foul Ball, location: 2F
0-1: Ball
1-1: Ball
2-1: Called Strike
2-2: Foul Ball, location: 2F
2-2: Strikes out looking
Top of the 8th over - 0 run(s), 0 hit(s), 0 error(s), 0 left on base; Orlando 2 - Boston 5
BOTTOM OF THE 8TH
Boston Rebels batting - Pitching for Orlando Calrissian : LHP Richard Dorris
Now in LF: Cristo Ontiveros
Pinch Hitting: RHB Randy Simons 0-0: Swinging Strike
0-1: Fly out, F6 (Popup, 56D)
Pinch Hitting: RHB Rob Bass 0-0: Called Strike
0-1: Ground out 6-3 (Groundball, 6)
Batting: RHB Peter Sexton 0-0: Called Strike
0-1: Ground out 6-3 (Groundball, 6S)
Bottom of the 8th over - 0 run(s), 0 hit(s), 0 error(s), 0 left on base; Orlando 2 - Boston 5
TOP OF THE 9TH
Orlando Calrissian batting - Pitching for Boston Rebels : RHP José Crus
Now at 3B: Ángel Garza
Now in RF: Jeff Gordon
Pinch Hitting: LHB Danny Allen 0-0: Ball
1-0: Ball
2-0: Ball
3-0: Base on Balls
Pinch Hitting: RHB Chet Decker 0-0: Called Strike
0-1: Swinging Strike
0-2: Ball
1-2: Strikes out swinging
Pinch Hitting: LHB Juan Jose Pineda 0-0: Ball
1-0: Foul Ball, location: 2F
1-1: Swinging Strike
1-2: Ball
2-2: Ball
3-2: Base on Balls
Danny Allen to second
Pinch Hitting: LHB Craig Kenney 0-0: Grounds out, U3 (Groundball, 3L)
Danny Allen to third
Pinch Hitting: SHB Jaime Montés 0-0: Ball
1-0: Called Strike
1-1: Ball
2-1: Foul Ball, location: 2F
2-2: Foul Ball, location: 2F
2-2: Strikes out swinging
Top of the 9th over - 0 run(s), 0 hit(s), 0 error(s), 2 left on base; Orlando 2 - Boston 5
Tuesday, August 8th, 2017 - OOTP Baseball 17.12 Build 75